AoeStats
← facufrances1

Arabia

509729728Analyzed
1v1 RM · 3d ago on Sep 27, 2026· 21m 56s· 2 players
Game mode
Random Map
Map size
Tiny (2 player)
Population
200
Speed
Normal
Resources
Standard
Victory
Conquest
Starting age
Dark Age
Ending age
Imperial Age
RankedLock teamsTeams togetherTeam positionsShared explorationLock speedFull tech treeHidden civsTurbo modeCheats
Victory
Defeat
🇦🇷 Poles · Argentina
915
+16
🇺🇸 Byzantines · United States
918
-16
facufrances1
7:19 Loom
10:09 Feudal Age
10:51 Double-Bit Axe
11:45 Horse Collar
15:00 Forging
22:14 Castle Age
20:16 Padded Archer Armor
21:02 Bloodlines
21:21 Gold Mining
21:32 Town Watch
22:39 Scale Barding Armor
lordoffelines
7:45 Loom
10:15 Feudal Age
11:45 Horse Collar
14:06 Double-Bit Axe
16:23 Fletching
Connection lost

Rejoining the realm…

Still unreachable

The connection could not be restored.

Session expired

The server has moved on; the page needs a fresh start.